 Dungeon Crawl Stone Soup version 0.27-a0-1119-gbf574a6a6b (webtiles) character file.

Game seed: 356686734574417421

51 Zeld the Chopper (level 3, -1/34 HPs)
             Began as a Minotaur Berserker on May 3, 2021.
             Was a Follower of Trog.
             Slain by a worm (7 damage)
             ... on level 2 of the Dungeon.
             The game lasted 00:01:19 (1490 turns).

Zeld the Chopper (Minotaur Berserker)               Turns: 1490, Time: 00:01:21

Health: -1/34      AC:  1    Str: 22    XL:     3   Next: 58%
Magic:  2/2        EV: 12    Int:  4    God:    Trog [*.....]
Gold:   8          SH:  0    Dex:  9    Spells: 2/2 levels left

rFire    . . .     SeeInvis .   a - +0 hand axe
rCold    . . .     Faith    .   (no shield)
rNeg     . . .     Spirit   .   (no armour)
rPois    .         Reflect  .   (helmet restricted)
rElec    .         Harm     .   (no cloak)
rCorr    .         Rampage  .   (no gloves)
Will     .....                  g - +0 pair of boots
Stlth    +.........             (no amulet)
HPRegen  0.11/turn              (no ring)
MPRegen  0.08/turn              (no ring)

@: no status effects
A: horns 2, retaliatory headbutt
a: Renounce Religion, Berserk


You were on level 2 of the Dungeon.
You worshipped Trog.
Trog was aware of your devotion.
You visited 1 branch of the dungeon, and saw 2 of its levels.

You collected 8 gold pieces.

Inventory:

Hand Weapons
 a - a +0 hand axe (weapon)
Armour
 g - a +0 pair of boots (worn)
Wands
 e - a wand of acid (13)
Scrolls
 c - a scroll of fear {unknown}
 f - a scroll of identify {unknown}
 h - a scroll of immolation {unknown}
Potions
 b - a potion of curing {unknown}
 d - a potion of lignification {unknown}


   Skills:
 * Level 4.3 Fighting
 * Level 4.3 Axes
 - Level 2.4 Armour
 * Level 3.1 Dodging


You had 2 spell levels left.
You didn't know any spells.
Your spell library was empty.

Dungeon Overview and Level Annotations

Branches:
Dungeon (2/15)

Altars:


Innate Abilities, Weirdness & Mutations

You have a pair of horns on your head.
You reflexively headbutt those who attack you in melee.


Message History

The worm barely misses you.
You hit the worm.
The worm is lightly wounded.
You completely miss the worm. You headbutt the worm!
The worm is severely wounded.
The worm closely misses you.
A worm is nearby!
You hit the worm.
The worm is almost dead.
The worm misses you. You furiously retaliate!
You headbutt the worm!
You kill the worm!
Trog accepts your kill.
A worm comes into view.
A worm is nearby!
A worm is nearby!
A worm is nearby!
Found a hunting sling.
The worm barely misses you.
You slash the worm!
The worm is moderately wounded.
The worm bites you.
You slash the worm! Your headbutt misses the worm.
The worm is severely wounded.
The worm bites you!
You barely miss the worm. You headbutt the worm.
The worm is almost dead.
The worm bites you.
You are too injured to fight recklessly!
You are too injured to fight recklessly!
The worm bites you!
* * * LOW HITPOINT WARNING * * *
You are too injured to fight recklessly!
You are too injured to fight recklessly!
You completely miss the worm.
You headbutt the worm, but do no damage.
The worm is almost dead.
You hit the worm.
The worm is almost dead.
The worm bites you!
You die...

#.#.#.####......#
................#
#.#.#.#.........#
.............####
....?........#
.....##......#
.... #......#
.....##w.....#
#....@.....#
#.###.##.### #.##
.# #. .# .) .#
###


You could see a worm.

Vanquished Creatures
  2 adders (D:2)
  3 worms (D:2)
  2 dart slugs
  5 bats
  3 endoplasms
  A hobgoblin (D:1)
  2 kobolds (D:1)
  3 ball pythons
  2 frilled lizards (D:1)
  A rat (D:1)
24 creatures vanquished.

Notes
Turn   | Place    | Note
-------+----------+-------------------------------------------
     0 | D:1      | Zeld the Minotaur Berserker began the quest for the Orb.
     0 | D:1      | Reached XP level 1. HP: 19/19 MP: 0/0
   443 | D:1      | Reached XP level 2. HP: 19/27 MP: 1/1
  1316 | D:2      | Reached XP level 3. HP: 29/33 MP: 2/2
  1490 | D:2      | Slain by a worm

Illustrated notes

Levels and vault maps discovered:
D:1:      wander_arrival_peaceful_grave, layout_basic
D:2:      layout_rooms, shapermc_ecumenical_altar_hornbeckon, serial_glass,
          glass_columns_c, glass_columns_a, glass_columns_a, glass_columns_a,
          glass_columns_a, glass_columns_a, glass_columns_b, glass_columns_a,
          glass_columns_a, glass_columns_a, minmay_pentomino_p4, uniq_terence,
          uniq_crazy_yiuf_cottage

Skill      XL: |  1  2  3 |
---------------+----------+-----
Fighting       | 4 |  4.3
Axes           | 4 |  4.3
Dodging        | 3 |  3.1
Armour         | |  2.4

Action                   || total
-------------------------++-------
Melee: Hand axe          ||    60
       Headbutt          ||    15
 Stab: Sleeping          ||     1
Armor: Skin              ||     1
Dodge: Dodged            ||    28

Table legend: (Time is in decaauts)
 A = Elapsed time spent in this place.
 B = Non-inter-level travel time spent in this place.
 C = Inter-level travel time spent in this place.
 D = Time resting spent in this place.
 E = Time spent auto-exploring this place.
 F = Levels seen in this place.
 G = Mean time per level.
                   A        B        C        D        E       F      G
               +--------+--------+--------+--------+--------+-----+--------+
         Total |   1496 |   1490 |      6 |      0 |   1289 |   2 |  748.0 |
       Dungeon |   1496 |   1490 |      6 |      0 |   1289 |   2 |  748.0 |
               +--------+--------+--------+--------+--------+-----+--------+

Top non-repeatable levels by time:
     D:1: 1220 daAuts
     D:2: 275 daAuts
